 Dungeon Crawl Stone Soup version 0.19-a0-450-g98b348d (webtiles) character file.

19 Skanax the Grave Robber (level 2, 0/19 HPs)
             Began as a Demonspawn Necromancer on June 1, 2016.
             Slain by an adder (1 damage)
             ... on level 2 of the Dungeon.
             The game lasted 00:05:02 (781 turns).

Skanax the Grave Robber (Demonspawn Necromancer)     Turns: 781, Time: 00:05:03

Health: 0/19       AC:  3    Str:  3 (4)  XL:     2   Next: 55%
Magic:  0/5        EV: 12    Int: 13 (16) God:
Gold:   80         SH:  0    Dex: 10 (13) Spells: 2 memorised, 3 levels left

rFire  + . .     SeeInvis .     e - +0 dagger (flame)
rCold  . . .     Gourm    .     a - +1 robe
rNeg   . . .     Faith    .     (no shield)
rPois  .         Spirit   .     (helmet restricted)
rElec  .         Dismiss  .     (no cloak)
rCorr  .         Reflect  .     (no gloves)
SustAt .         Harm     .     (no boots)
MR     .....                    (no amulet)
Stlth  ++........               (no ring)
                                (no ring)

@: lethally poisoned (0 -> -8), very slightly contaminated, not resistant to
hostile enchantments, unstealthy
A: beak, fire resistance 1, weak 2
a: no special abilities


You were on level 2 of the Dungeon.
You were not hungry.

You visited 1 branch of the dungeon, and saw 2 of its levels.

You collected 80 gold pieces.

Inventory:

Hand Weapons
 e - a +0 dagger of flaming (weapon)
Missiles
 d - 21 bolts
Armour
 a - a +1 robe (worn)
Books
 b - a book of Necromancy

   Spells                             Type                      Level
   a - Pain                           Necromancy                   1
   b - Animate Skeleton               Necromancy                   1
   c - Vampiric Draining              Necromancy                   3
   d - Regeneration                   Charms/Necromancy            3
   e - Animate Dead                   Necromancy                   4
   f - Control Undead                 Necromancy                   4
Comestibles
 c - a bread ration
 g - a meat ration


   Skills:
 + Level 1.9 Dodging
 + Level 1.8 Stealth
 + Level 2.3 Spellcasting
 + Level 4.8 Necromancy


You had 3 spell levels left.
You knew the following spells:

 Your Spells              Type           Power        Failure   Level  Hunger
a - Pain                  Necr           ##..         4%          1    #......
b - Animate Skeleton      Necr           N/A          4%          1    #......


Dungeon Overview and Level Annotations

Branches:
Dungeon (2/15)

Altars:


Innate Abilities, Weirdness & Mutations

Your flesh is heat resistant. (rF+)
You have a beak for a mouth.
You are very weak. (Str -4)


Message History

The adder is severely wounded.
The adder bites you.
* * * LOW HITPOINT WARNING * * *
You are lethally poisoned!
The adder poisons you! The adder misses you.
You miss the adder.
The adder is severely wounded.
* * * LOW HITPOINT WARNING * * *
You feel sick. The adder bites you.
* * * LOW HITPOINT WARNING * * *
You are more poisoned.
The adder poisons you!
You hit the adder. You burn the adder.
The adder is almost dead.
* * * LOW HITPOINT WARNING * * *
You feel sick. The adder misses you.
You hit the adder but do no damage.
The adder is almost dead.
The adder bites you.
You die...

###.## .....
. #...# ..#
#...###
....###.....
..........#
........S.#
.......@..#
..........#
..........#
..........#
..........#
!.........#
..........#
..##......#


You could see an adder.

Vanquished Creatures
  A giant gecko (D:1)
  A giant cockroach (D:1)
  A goblin (D:1)
  2 hobgoblins (D:1)
  A kobold (D:1)
  5 bats (D:1)
  A giant newt (D:1)
  2 rats (D:1)
14 creatures vanquished.

Vanquished Creatures (collateral kills)
  A bat (D:1)
  A goblin (D:1)
  A giant newt (D:1)
3 creatures vanquished.

Grand Total: 17 creatures vanquished

Notes
Turn   | Place    | Note
--------------------------------------------------------------
     0 | D:1      | Skanax the Demonspawn Necromancer began the quest for the Orb.
     0 | D:1      | Reached XP level 1. HP: 13/13 MP: 3/3
     5 | D:1      | Learned a level 1 spell: Animate Skeleton
   189 | D:1      | Gained mutation: Your flesh is heat resistant. (rF+) [demonic ancestry]
   189 | D:1      | Reached XP level 2. HP: 18/19 MP: 1/5
   252 | D:1      | Gained mutation: You are weak. (Str -2) [potion of mutation]
   252 | D:1      | Gained mutation: You are very weak. (Str -4) [potion of mutation]
   252 | D:1      | Gained mutation: You have a beak for a mouth. [potion of mutation]
   781 | D:2      | Slain by an adder

Vault maps used:
D:1:      lightli_arrival_noodles
D:2:      serial_aquarium, aquarium_bridge_square, aquarium_bridge_island_small,
          aquarium_window_2, aquarium_window_fake, aquarium_view_2b,
          aquarium_view_4, hangedman_decor_diamond_cutter

Action                   || total
-------------------------++-------
Melee: Dagger            ||     9
 Cast: Pain              ||    26
       Animate Skeleton  ||    10
  Use: Potion            ||     3
       Scroll            ||     2
Armor: Robe              ||     1
Dodge: Dodged            ||    12
